 Dungeon Crawl Stone Soup version 0.31-a0-263-ge8cad7f256 (webtiles) character file.

Game seed: 1202435732648355481

21 qw the Shooter (level 2, -1/17 HPs)
             Began as a Gargoyle Hexslinger on July 13, 2023.
             Killed from afar by Terence (8 damage)
             ... with a puff of flame
             ... on level 2 of the Dungeon.
             The game lasted 00:00:20 (728 turns).

qw the Shooter (Gargoyle Hexslinger)                 Turns: 728, Time: 00:00:20

Health: -1/17      AC:  6    Str: 11    XL:     2   Next: 87%
Magic:  3/3        EV: 11    Int: 13    God:
Gold:   47         SH:  0    Dex: 12    Spells: 2/3 levels left

rFire   . . .        Y - +3 sling
rCold   . . .        (no shield)
rNeg    + . .        l - +0 leather armour
rPois   inf          (no helmet)
rElec   +            g - +0 cloak
rCorr   .            (no gloves)
SInv    .            (no boots)
Will    .....        (no amulet)
Stlth   +            (no ring)
HPRegen 0.22/turn    (no ring)
MPRegen 0.08/turn

%: no passive effects
@: no status effects
A: sickness immunity, AC +2, negative energy resistance 1, electricity
resistance, torment resistance 1, petrification resistance
a: no special abilities


You were on level 2 of the Dungeon.
You visited 1 branch of the dungeon, and saw 2 of its levels.

You collected 47 gold pieces.


Innate Abilities, Weirdness & Mutations

You are immune to sickness and miasma.
Your stone body is resilient. (AC +2)
You are immune to poison.
You resist negative energy. (rN+)
You are resistant to electric shocks. (rElec)
You are resistant to unholy torment.
You are immune to petrification.


   Skills:
 + Level 1.7 Fighting
 - Level 3.0 Ranged Weapons
 - Level 1.5 Dodging
 - Level 1.0 Spellcasting
 - Level 2.6 Hexes


You had 2 spell levels left.
You knew the following spells:

 Your Spells              Type           Power      Damage    Failure   Level
a - Slow                  Hex            28%        N/A       12%         1

Your spell library contained the following spells:

 Spells                   Type           Power      Damage    Failure   Level
 Inner Flame              Hex/Fire       4%         N/A       54%         3
 Portal Projectile        Hex/Tloc       8%         N/A       54%         3
 Cause Fear               Hex            3%         N/A       77%         4

Inventory:

Hand Weapons
 Y - a +3 sling (weapon)
Armour
 g - a +0 cloak (worn)
 l - a +0 leather armour (worn)
Scrolls
 i - a scroll of identify

Dungeon Overview and Level Annotations

Branches:
Dungeon (2/15)

Altars:

Annotations:
D:2 Terence


Message History

Terence is heavily wounded.
Terence zaps a wand.
The puff of flame hits you.
You shoot a sling bullet. The sling bullet hits Terence.
Terence is severely wounded.
Terence hits you but does no damage.
You shoot a sling bullet.
The sling bullet hits Terence but does no damage.
Terence is severely wounded.
Terence barely misses you.
You shoot a sling bullet.
The sling bullet hits Terence but does no damage.
Terence is severely wounded.
Terence zaps a wand.
The puff of flame misses you. Terence completely misses you.
You shoot a sling bullet.
The sling bullet hits Terence but does no damage.
Terence is severely wounded.
Terence zaps a wand.
The puff of flame hits you.
You shoot a sling bullet. The sling bullet hits Terence.
Terence is severely wounded.
Terence hits you but does no damage.
You shoot a sling bullet. The sling bullet barely misses Terence.
Terence hits you with a +0 mace! Terence hits you with a +0 mace.
724 ||| DRINKING potion of heal wounds.
You feel much better. Terence hits you with a +0 mace.
You shoot a sling bullet. The sling bullet hits Terence.
Terence is almost dead.
Terence asks, "Do you want it fast or slow?"
Terence barely misses you.
You shoot a sling bullet.
The sling bullet closely misses Terence.
Terence closely misses you.
You shoot a sling bullet.
The sling bullet closely misses Terence.
Terence zaps a wand.
The puff of flame hits you!
Ouch! That really hurt!
You shoot a sling bullet. The sling bullet hits Terence.
Terence is almost dead.
Terence zaps a wand.
The puff of flame hits you!
You die...

#.##.# #.##.#
#.##.# ##.##.# #
#..##.# #.#..##.# .
#.#..##.#
##.#.@@.##.#######
...................
...................
#...####.<......#.#
#.. #..#####.# ..
..... ... #
#.##..## #.# # #..#
.# #.##


You could see Terence.

Vanquished Creatures
  2 ball pythons (D:1)
  3 endoplasms (D:1)
  3 giant cockroaches (D:1)
  5 hobgoblins (D:1)
  A quokka (D:1)
  A bat (D:1)
  2 rats (D:1)
17 creatures vanquished.

Notes
Turn   | Place    | Note
-------+----------+-------------------------------------------
     0 | D:1      | qw the Gargoyle Hexslinger began the quest for the Orb.
     0 | D:1      | Reached XP level 1. HP: 12/12 MP: 2/2
     0 | D:1      | 0 ||| qw: Version: 0.3-a-52-g30416fa
     0 | D:1      | 0 ||| qw: Game counter: 7296
     0 | D:1      | 0 ||| qw: Melee chars always use a shield: true
     0 | D:1      | 0 ||| qw: God list: Okawaru
     0 | D:1      | 0 ||| qw: Allow faded altars: false
     0 | D:1      | 0 ||| qw: Do Orc after clearing Dungeon:15 true
     0 | D:1      | 0 ||| qw: Do second Lair branch before Depths: true
     0 | D:1      | 0 ||| qw: Lair rune preference: random
     0 | D:1      | 0 ||| qw: Goals: Normal
     0 | D:1      | 0 ||| PLANNING D:1-11
    71 | D:1      | Reached XP level 2. HP: 14/16 MP: 3/3
   141 | D:1      | Reached skill level 3 in Ranged Weapons
   658 | D:1      | 658 ||| UPGRADING to +0 cloak.
   663 | D:1      | 663 ||| UPGRADING to +0 leather armour.
   673 | D:1      | 673 ||| DROPPING +0 robe.
   674 | D:1      | 674 ||| READING 2 scrolls labelled KISACV IN CYB.
   675 | D:1      | 675 ||| READING scroll of enchant weapon.
   675 | D:1      | 675 ||| ENCHANTING +2 sling.
   676 | D:1      | 676 ||| READING scroll labelled FYUSCHO ARINUAHA.
   677 | D:1      | 677 ||| READING scroll labelled VIPESTIOZIJ.
   678 | D:1      | 678 ||| READING 3 scrolls labelled TAOMECZUVVI.
   679 | D:1      | 679 ||| READING scroll labelled BYZOSO GABETS.
   680 | D:1      | 680 ||| READING scroll labelled ANIVOI EKEOJ.
   681 | D:1      | 681 ||| READING 2 scrolls of identify.
   681 | D:1      | 681 ||| IDENTIFYING golden potion
   682 | D:1      | 682 ||| DROPPING scroll of poison.
   712 | D:2      | Noticed Terence
   723 | D:2      | HP: 4/17 [Terence/+0 mace (7)]
   724 | D:2      | 724 ||| DRINKING potion of heal wounds.
   728 | D:2      | Killed from afar by Terence

Levels and vault maps discovered:
D:1:      lightli_arrival_isolated_outpost, layout_basic, minmay_bisected
D:2:      layout_basic, basic_altar, uniq_natasha, uniq_sigmund, uniq_terence

Skill      XL: |  1  2 |
---------------+-------+-----
Ranged Weapons | 3 |  3.0
Fighting       | |  1.7
Dodging        | |  1.5
Spellcasting   | |  1.0
Hexes          | |  2.6

Action                     || total
---------------------------++-------
   Fire: Sling             ||    73
    Use: Scroll            ||     8
         Potion            ||     1
 Armour: Robe              ||    22
         Leather armour    ||     2
  Dodge: Dodged            ||    30

Table legend:
 A = Non-vault XP
 B = Vault XP
 C = Vault XP percentage of total XP
 D = Non-vault monster count
 E = Vault monster count
 F = Vault count percentage of total count
                 A         B        C        D         E       F
            +---------+---------+-------+---------+---------+-------
      Total |      26 |       5 |  16.1 |      14 |       3 |  17.6
            +---------+---------+-------+---------+---------+-------
        D:1 |      26 |       5 |  16.1 |      14 |       3 |  17.6
            +---------+---------+-------+---------+---------+-------
